Workbook

Sheet 予算
A1: 予実管理表（予算） | N1: 2026年度
A3: 会社名 | C3: 株式会社ノースブリッジ | I3: 会計年度 | K3: 2026年度（2026年4月〜2027年3月）
A4: 単位 | C4: 百万円 | I4: 作成 | K4: 経営企画部（期初に確定）
A6: 月番号（期の何か月目か） | D6: 1 | E6: 2 | F6: 3 | G6: 4 | H6: 5 | I6: 6 | J6: 7 | K6: 8 | L6: 9 | M6: 10 | N6: 11 | O6: 12
A7: 科目 | D7: 4月 | E7: 5月 | F7: 6月 | G7: 7月 | H7: 8月 | I7: 9月 | J7: 10月 | K7: 11月 | L7: 12月 | M7: 1月 | N7: 2月 | O7: 3月 | P7: 年間
A8: 売上高 | D8: 360 | E8: 365 | F8: 375 | G8: 372 | H8: 385 | I8: 395 | J8: 398 | K8: 405 | L8: 435 | M8: 410 | N8: 420 | O8: 480 | P8: =IF(COUNT(D8:O8)=0,"",SUM(D8:O8))
A9: 売上原価 | D9: 216 | E9: 219 | F9: 225 | G9: 223.2 | H9: 231 | I9: 237 | J9: 238.8 | K9: 243 | L9: 261 | M9: 246 | N9: 252 | O9: 288 | P9: =IF(COUNT(D9:O9)=0,"",SUM(D9:O9))
A10: 売上総利益 | D10: =IF(COUNT(D8,D9)=0,"",SUM(D8)-SUM(D9)) | E10: =IF(COUNT(E8,E9)=0,"",SUM(E8)-SUM(E9)) | F10: =IF(COUNT(F8,F9)=0,"",SUM(F8)-SUM(F9)) | G10: =IF(COUNT(G8,G9)=0,"",SUM(G8)-SUM(G9)) | H10: =IF(COUNT(H8,H9)=0,"",SUM(H8)-SUM(H9)) | I10: =IF(COUNT(I8,I9)=0,"",SUM(I8)-SUM(I9)) | J10: =IF(COUNT(J8,J9)=0,"",SUM(J8)-SUM(J9)) | K10: =IF(COUNT(K8,K9)=0,"",SUM(K8)-SUM(K9)) | ... O10: =IF(COUNT(O8,O9)=0,"",SUM(O8)-SUM(O9)) | P10: =IF(COUNT(D10:O10)=0,"",SUM(D10:O10))
A11: 粗利率 | D11: =IF(COUNT(D8,D10)<2,"",IF(D8=0,"",D10/D8)) | E11: =IF(COUNT(E8,E10)<2,"",IF(E8=0,"",E10/E8)) | F11: =IF(COUNT(F8,F10)<2,"",IF(F8=0,"",F10/F8)) | G11: =IF(COUNT(G8,G10)<2,"",IF(G8=0,"",G10/G8)) | H11: =IF(COUNT(H8,H10)<2,"",IF(H8=0,"",H10/H8)) | I11: =IF(COUNT(I8,I10)<2,"",IF(I8=0,"",I10/I8)) | J11: =IF(COUNT(J8,J10)<2,"",IF(J8=0,"",J10/J8)) | K11: =IF(COUNT(K8,K10)<2,"",IF(K8=0,"",K10/K8)) | ... P11: =IF(COUNT(P8,P10)<2,"",IF(P8=0,"",P10/P8))
A12: 販売費及び一般管理費 | D12: =IF(COUNT(D13:D15)=0,"",SUM(D13:D15)) | E12: =IF(COUNT(E13:E15)=0,"",SUM(E13:E15)) | F12: =IF(COUNT(F13:F15)=0,"",SUM(F13:F15)) | G12: =IF(COUNT(G13:G15)=0,"",SUM(G13:G15)) | H12: =IF(COUNT(H13:H15)=0,"",SUM(H13:H15)) | I12: =IF(COUNT(I13:I15)=0,"",SUM(I13:I15)) | J12: =IF(COUNT(J13:J15)=0,"",SUM(J13:J15)) | K12: =IF(COUNT(K13:K15)=0,"",SUM(K13:K15)) | ... O12: =IF(COUNT(O13:O15)=0,"",SUM(O13:O15)) | P12: =IF(COUNT(D12:O12)=0,"",SUM(D12:O12))
A13: 人件費 | D13: 62 | E13: 62 | F13: 62 | G13: 62 | H13: 62 | I13: 62 | J13: 62 | K13: 62 | L13: 67 | M13: 67.5 | N13: 68 | O13: 69 | P13: =IF(COUNT(D13:O13)=0,"",SUM(D13:O13))
A14: 広告宣伝費 | D14: 5.4 | E14: 5.4 | F14: 5.4 | G14: 5.4 | H14: 5.4 | I14: 5.4 | J14: 5.4 | K14: 7 | L14: 6.5 | M14: 5.4 | N14: 5.4 | O14: 7.5 | P14: =IF(COUNT(D14:O14)=0,"",SUM(D14:O14))
A15: その他（外注費など） | D15: 49.4 | E15: 49.4 | F15: 49.4 | G15: 49.4 | H15: 49.5 | I15: 49.5 | J15: 49.6 | K15: 49 | L15: 51.5 | M15: 51.8 | N15: 52.2 | O15: 52.2 | P15: =IF(COUNT(D15:O15)=0,"",SUM(D15:O15))
A16: 営業利益 | D16: =IF(COUNT(D10,D12)=0,"",SUM(D10)-SUM(D12)) | E16: =IF(COUNT(E10,E12)=0,"",SUM(E10)-SUM(E12)) | F16: =IF(COUNT(F10,F12)=0,"",SUM(F10)-SUM(F12)) | G16: =IF(COUNT(G10,G12)=0,"",SUM(G10)-SUM(G12)) | H16: =IF(COUNT(H10,H12)=0,"",SUM(H10)-SUM(H12)) | I16: =IF(COUNT(I10,I12)=0,"",SUM(I10)-SUM(I12)) | J16: =IF(COUNT(J10,J12)=0,"",SUM(J10)-SUM(J12)) | K16: =IF(COUNT(K10,K12)=0,"",SUM(K10)-SUM(K12)) | ... O16: =IF(COUNT(O10,O12)=0,"",SUM(O10)-SUM(O12)) | P16: =IF(COUNT(D16:O16)=0,"",SUM(D16:O16))
A17: 営業利益率 | D17: =IF(COUNT(D8,D16)<2,"",IF(D8=0,"",D16/D8)) | E17: =IF(COUNT(E8,E16)<2,"",IF(E8=0,"",E16/E8)) | F17: =IF(COUNT(F8,F16)<2,"",IF(F8=0,"",F16/F8)) | G17: =IF(COUNT(G8,G16)<2,"",IF(G8=0,"",G16/G8)) | H17: =IF(COUNT(H8,H16)<2,"",IF(H8=0,"",H16/H8)) | I17: =IF(COUNT(I8,I16)<2,"",IF(I8=0,"",I16/I8)) | J17: =IF(COUNT(J8,J16)<2,"",IF(J8=0,"",J16/J8)) | K17: =IF(COUNT(K8,K16)<2,"",IF(K8=0,"",K16/K8)) | ... P17: =IF(COUNT(P8,P16)<2,"",IF(P8=0,"",P16/P8))
A18: 営業外損益 | D18: -0.8 | E18: -0.8 | F18: -0.8 | G18: -0.8 | H18: -0.8 | I18: -0.8 | J18: -1.2 | K18: -1 | L18: -1 | M18: -1 | N18: -1 | O18: -1.2 | P18: =IF(COUNT(D18:O18)=0,"",SUM(D18:O18))
A19: 経常利益 | D19: =IF(COUNT(D16,D18)=0,"",SUM(D16)+SUM(D18)) | E19: =IF(COUNT(E16,E18)=0,"",SUM(E16)+SUM(E18)) | F19: =IF(COUNT(F16,F18)=0,"",SUM(F16)+SUM(F18)) | G19: =IF(COUNT(G16,G18)=0,"",SUM(G16)+SUM(G18)) | H19: =IF(COUNT(H16,H18)=0,"",SUM(H16)+SUM(H18)) | I19: =IF(COUNT(I16,I18)=0,"",SUM(I16)+SUM(I18)) | J19: =IF(COUNT(J16,J18)=0,"",SUM(J16)+SUM(J18)) | K19: =IF(COUNT(K16,K18)=0,"",SUM(K16)+SUM(K18)) | ... O19: =IF(COUNT(O16,O18)=0,"",SUM(O16)+SUM(O18)) | P19: =IF(COUNT(D19:O19)=0,"",SUM(D19:O19))
A20: 予算は期初に決めたら書き換えません。期の途中で見直したときは、このシートをコピーして「修正予算」のシートを作ります。
A21: 4月始まりでない会社は、このシートの月の名前を書き換えます（ほかのシートの見出しも変わります）。月番号は期の何か月目かで、変えません。

Sheet 実績
A1: 予実管理表（実績） | N1: 2026年度
A3: 会社名 | C3: 株式会社ノースブリッジ | I3: 会計年度 | K3: 2026年度（2026年4月〜2027年3月）
A4: 単位 | C4: 百万円 | I4: 実績の出どころ | K4: 月次の試算表（翌月5営業日に確定）
A6: 月番号（期の何か月目か） | D6: 1 | E6: 2 | F6: 3 | G6: 4 | H6: 5 | I6: 6 | J6: 7 | K6: 8 | L6: 9 | M6: 10 | N6: 11 | O6: 12
A7: 科目 | D7: ='予算'!D7 | E7: ='予算'!E7 | F7: ='予算'!F7 | G7: ='予算'!G7 | H7: ='予算'!H7 | I7: ='予算'!I7 | J7: ='予算'!J7 | K7: ='予算'!K7 | ... O7: ='予算'!O7 | P7: 合計
A8: 売上高 | D8: 360.3 | E8: 368.9 | F8: 379.7 | G8: 375.4 | H8: 387.4 | I8: 399.8 | J8: 412.6 | P8: =IF(COUNT(D8:O8)=0,"",SUM(D8:O8))
A9: 売上原価 | D9: 216.2 | E9: 221.3 | F9: 227.9 | G9: 225.8 | H9: 233.1 | I9: 240.3 | J9: 247.6 | P9: =IF(COUNT(D9:O9)=0,"",SUM(D9:O9))
A10: 売上総利益 | D10: =IF(COUNT(D8,D9)=0,"",SUM(D8)-SUM(D9)) | E10: =IF(COUNT(E8,E9)=0,"",SUM(E8)-SUM(E9)) | F10: =IF(COUNT(F8,F9)=0,"",SUM(F8)-SUM(F9)) | G10: =IF(COUNT(G8,G9)=0,"",SUM(G8)-SUM(G9)) | H10: =IF(COUNT(H8,H9)=0,"",SUM(H8)-SUM(H9)) | I10: =IF(COUNT(I8,I9)=0,"",SUM(I8)-SUM(I9)) | J10: =IF(COUNT(J8,J9)=0,"",SUM(J8)-SUM(J9)) | K10: =IF(COUNT(K8,K9)=0,"",SUM(K8)-SUM(K9)) | ... O10: =IF(COUNT(O8,O9)=0,"",SUM(O8)-SUM(O9)) | P10: =IF(COUNT(D10:O10)=0,"",SUM(D10:O10))
A11: 粗利率 | D11: =IF(COUNT(D8,D10)<2,"",IF(D8=0,"",D10/D8)) | E11: =IF(COUNT(E8,E10)<2,"",IF(E8=0,"",E10/E8)) | F11: =IF(COUNT(F8,F10)<2,"",IF(F8=0,"",F10/F8)) | G11: =IF(COUNT(G8,G10)<2,"",IF(G8=0,"",G10/G8)) | H11: =IF(COUNT(H8,H10)<2,"",IF(H8=0,"",H10/H8)) | I11: =IF(COUNT(I8,I10)<2,"",IF(I8=0,"",I10/I8)) | J11: =IF(COUNT(J8,J10)<2,"",IF(J8=0,"",J10/J8)) | K11: =IF(COUNT(K8,K10)<2,"",IF(K8=0,"",K10/K8)) | ... P11: =IF(COUNT(P8,P10)<2,"",IF(P8=0,"",P10/P8))
A12: 販売費及び一般管理費 | D12: =IF(COUNT(D13:D15)=0,"",SUM(D13:D15)) | E12: =IF(COUNT(E13:E15)=0,"",SUM(E13:E15)) | F12: =IF(COUNT(F13:F15)=0,"",SUM(F13:F15)) | G12: =IF(COUNT(G13:G15)=0,"",SUM(G13:G15)) | H12: =IF(COUNT(H13:H15)=0,"",SUM(H13:H15)) | I12: =IF(COUNT(I13:I15)=0,"",SUM(I13:I15)) | J12: =IF(COUNT(J13:J15)=0,"",SUM(J13:J15)) | K12: =IF(COUNT(K13:K15)=0,"",SUM(K13:K15)) | ... O12: =IF(COUNT(O13:O15)=0,"",SUM(O13:O15)) | P12: =IF(COUNT(D12:O12)=0,"",SUM(D12:O12))
A13: 人件費 | D13: 62.5 | E13: 62.8 | F13: 63.2 | G13: 63.3 | H13: 63.5 | I13: 64.3 | J13: 64.1 | P13: =IF(COUNT(D13:O13)=0,"",SUM(D13:O13))
A14: 広告宣伝費 | D14: 5.2 | E14: 5.6 | F14: 6.1 | G14: 5.3 | H14: 6.4 | I14: 6.1 | J14: 7 | P14: =IF(COUNT(D14:O14)=0,"",SUM(D14:O14))
A15: その他（外注費など） | D15: 49.2 | E15: 49.6 | F15: 49.5 | G15: 49.3 | H15: 49.7 | I15: 49.5 | J15: 50.3 | P15: =IF(COUNT(D15:O15)=0,"",SUM(D15:O15))
A16: 営業利益 | D16: =IF(COUNT(D10,D12)=0,"",SUM(D10)-SUM(D12)) | E16: =IF(COUNT(E10,E12)=0,"",SUM(E10)-SUM(E12)) | F16: =IF(COUNT(F10,F12)=0,"",SUM(F10)-SUM(F12)) | G16: =IF(COUNT(G10,G12)=0,"",SUM(G10)-SUM(G12)) | H16: =IF(COUNT(H10,H12)=0,"",SUM(H10)-SUM(H12)) | I16: =IF(COUNT(I10,I12)=0,"",SUM(I10)-SUM(I12)) | J16: =IF(COUNT(J10,J12)=0,"",SUM(J10)-SUM(J12)) | K16: =IF(COUNT(K10,K12)=0,"",SUM(K10)-SUM(K12)) | ... O16: =IF(COUNT(O10,O12)=0,"",SUM(O10)-SUM(O12)) | P16: =IF(COUNT(D16:O16)=0,"",SUM(D16:O16))
A17: 営業利益率 | D17: =IF(COUNT(D8,D16)<2,"",IF(D8=0,"",D16/D8)) | E17: =IF(COUNT(E8,E16)<2,"",IF(E8=0,"",E16/E8)) | F17: =IF(COUNT(F8,F16)<2,"",IF(F8=0,"",F16/F8)) | G17: =IF(COUNT(G8,G16)<2,"",IF(G8=0,"",G16/G8)) | H17: =IF(COUNT(H8,H16)<2,"",IF(H8=0,"",H16/H8)) | I17: =IF(COUNT(I8,I16)<2,"",IF(I8=0,"",I16/I8)) | J17: =IF(COUNT(J8,J16)<2,"",IF(J8=0,"",J16/J8)) | K17: =IF(COUNT(K8,K16)<2,"",IF(K8=0,"",K16/K8)) | ... P17: =IF(COUNT(P8,P16)<2,"",IF(P8=0,"",P16/P8))
A18: 営業外損益 | D18: -0.7 | E18: -0.8 | F18: -0.9 | G18: -0.8 | H18: -0.9 | I18: -0.8 | J18: -1.5 | P18: =IF(COUNT(D18:O18)=0,"",SUM(D18:O18))
A19: 経常利益 | D19: =IF(COUNT(D16,D18)=0,"",SUM(D16)+SUM(D18)) | E19: =IF(COUNT(E16,E18)=0,"",SUM(E16)+SUM(E18)) | F19: =IF(COUNT(F16,F18)=0,"",SUM(F16)+SUM(F18)) | G19: =IF(COUNT(G16,G18)=0,"",SUM(G16)+SUM(G18)) | H19: =IF(COUNT(H16,H18)=0,"",SUM(H16)+SUM(H18)) | I19: =IF(COUNT(I16,I18)=0,"",SUM(I16)+SUM(I18)) | J19: =IF(COUNT(J16,J18)=0,"",SUM(J16)+SUM(J18)) | K19: =IF(COUNT(K16,K18)=0,"",SUM(K16)+SUM(K18)) | ... O19: =IF(COUNT(O16,O18)=0,"",SUM(O16)+SUM(O18)) | P19: =IF(COUNT(D19:O19)=0,"",SUM(D19:O19))
A20: 締まった月だけ、その月の金額を入れます。試算表の「期首からの累計」の金額は入れません（累計は予実比較のシートで計算します）。
A21: 費用をどの月に入れるか（賞与・年払いの費用など）は、予算と同じ考え方にそろえます。

Sheet 見込み
A1: 予実管理表（見込み） | N1: 2026年度
A3: 会社名 | C3: 株式会社ノースブリッジ | I3: 会計年度 | K3: 2026年度（2026年4月〜2027年3月）
A4: 単位 | C4: 百万円 | I4: 見通しの出どころ | K4: 11月は部門の見通し。12月〜3月は予算のまま
A6: 月番号（期の何か月目か） | D6: 1 | E6: 2 | F6: 3 | G6: 4 | H6: 5 | I6: 6 | J6: 7 | K6: 8 | L6: 9 | M6: 10 | N6: 11 | O6: 12
A7: 科目 | D7: ='予算'!D7 | E7: ='予算'!E7 | F7: ='予算'!F7 | G7: ='予算'!G7 | H7: ='予算'!H7 | I7: ='予算'!I7 | J7: ='予算'!J7 | K7: ='予算'!K7 | ... O7: ='予算'!O7 | P7: 残りの月
A8: 売上高 | D8: =IF('予算'!D8="","",'予算'!D8) | E8: =IF('予算'!E8="","",'予算'!E8) | F8: =IF('予算'!F8="","",'予算'!F8) | G8: =IF('予算'!G8="","",'予算'!G8) | H8: =IF('予算'!H8="","",'予算'!H8) | I8: =IF('予算'!I8="","",'予算'!I8) | J8: =IF('予算'!J8="","",'予算'!J8) | K8: 418 | L8: =IF('予算'!L8="","",'予算'!L8) | M8: =IF('予算'!M8="","",'予算'!M8) | N8: =IF('予算'!N8="","",'予算'!N8) | O8: =IF('予算'!O8="","",'予算'!O8) | P8: =IF(OR('予実比較'!$D$6="",COUNT(D8:O8)=0),"",SUMIFS(D8:O8,$D$6:$O$6,">"&'予実比較'!$D$6))
A9: 売上原価 | D9: =IF('予算'!D9="","",'予算'!D9) | E9: =IF('予算'!E9="","",'予算'!E9) | F9: =IF('予算'!F9="","",'予算'!F9) | G9: =IF('予算'!G9="","",'予算'!G9) | H9: =IF('予算'!H9="","",'予算'!H9) | I9: =IF('予算'!I9="","",'予算'!I9) | J9: =IF('予算'!J9="","",'予算'!J9) | K9: 250.8 | L9: =IF('予算'!L9="","",'予算'!L9) | M9: =IF('予算'!M9="","",'予算'!M9) | N9: =IF('予算'!N9="","",'予算'!N9) | O9: =IF('予算'!O9="","",'予算'!O9) | P9: =IF(OR('予実比較'!$D$6="",COUNT(D9:O9)=0),"",SUMIFS(D9:O9,$D$6:$O$6,">"&'予実比較'!$D$6))
A10: 売上総利益 | D10: =IF(COUNT(D8,D9)=0,"",SUM(D8)-SUM(D9)) | E10: =IF(COUNT(E8,E9)=0,"",SUM(E8)-SUM(E9)) | F10: =IF(COUNT(F8,F9)=0,"",SUM(F8)-SUM(F9)) | G10: =IF(COUNT(G8,G9)=0,"",SUM(G8)-SUM(G9)) | H10: =IF(COUNT(H8,H9)=0,"",SUM(H8)-SUM(H9)) | I10: =IF(COUNT(I8,I9)=0,"",SUM(I8)-SUM(I9)) | J10: =IF(COUNT(J8,J9)=0,"",SUM(J8)-SUM(J9)) | K10: =IF(COUNT(K8,K9)=0,"",SUM(K8)-SUM(K9)) | ... O10: =IF(COUNT(O8,O9)=0,"",SUM(O8)-SUM(O9)) | P10: =IF(OR('予実比較'!$D$6="",COUNT(D10:O10)=0),"",SUMIFS(D10:O10,$D$6:$O$6,">"&'予実比較'!$D$6))
A11: 粗利率 | D11: =IF(COUNT(D8,D10)<2,"",IF(D8=0,"",D10/D8)) | E11: =IF(COUNT(E8,E10)<2,"",IF(E8=0,"",E10/E8)) | F11: =IF(COUNT(F8,F10)<2,"",IF(F8=0,"",F10/F8)) | G11: =IF(COUNT(G8,G10)<2,"",IF(G8=0,"",G10/G8)) | H11: =IF(COUNT(H8,H10)<2,"",IF(H8=0,"",H10/H8)) | I11: =IF(COUNT(I8,I10)<2,"",IF(I8=0,"",I10/I8)) | J11: =IF(COUNT(J8,J10)<2,"",IF(J8=0,"",J10/J8)) | K11: =IF(COUNT(K8,K10)<2,"",IF(K8=0,"",K10/K8)) | ... P11: =IF(COUNT(P8,P10)<2,"",IF(P8=0,"",P10/P8))
A12: 販売費及び一般管理費 | D12: =IF(COUNT(D13:D15)=0,"",SUM(D13:D15)) | E12: =IF(COUNT(E13:E15)=0,"",SUM(E13:E15)) | F12: =IF(COUNT(F13:F15)=0,"",SUM(F13:F15)) | G12: =IF(COUNT(G13:G15)=0,"",SUM(G13:G15)) | H12: =IF(COUNT(H13:H15)=0,"",SUM(H13:H15)) | I12: =IF(COUNT(I13:I15)=0,"",SUM(I13:I15)) | J12: =IF(COUNT(J13:J15)=0,"",SUM(J13:J15)) | K12: =IF(COUNT(K13:K15)=0,"",SUM(K13:K15)) | ... O12: =IF(COUNT(O13:O15)=0,"",SUM(O13:O15)) | P12: =IF(OR('予実比較'!$D$6="",COUNT(D12:O12)=0),"",SUMIFS(D12:O12,$D$6:$O$6,">"&'予実比較'!$D$6))
A13: 人件費 | D13: =IF('予算'!D13="","",'予算'!D13) | E13: =IF('予算'!E13="","",'予算'!E13) | F13: =IF('予算'!F13="","",'予算'!F13) | G13: =IF('予算'!G13="","",'予算'!G13) | H13: =IF('予算'!H13="","",'予算'!H13) | I13: =IF('予算'!I13="","",'予算'!I13) | J13: =IF('予算'!J13="","",'予算'!J13) | K13: 64.1 | L13: =IF('予算'!L13="","",'予算'!L13) | M13: =IF('予算'!M13="","",'予算'!M13) | N13: =IF('予算'!N13="","",'予算'!N13) | O13: =IF('予算'!O13="","",'予算'!O13) | P13: =IF(OR('予実比較'!$D$6="",COUNT(D13:O13)=0),"",SUMIFS(D13:O13,$D$6:$O$6,">"&'予実比較'!$D$6))
A14: 広告宣伝費 | D14: =IF('予算'!D14="","",'予算'!D14) | E14: =IF('予算'!E14="","",'予算'!E14) | F14: =IF('予算'!F14="","",'予算'!F14) | G14: =IF('予算'!G14="","",'予算'!G14) | H14: =IF('予算'!H14="","",'予算'!H14) | I14: =IF('予算'!I14="","",'予算'!I14) | J14: =IF('予算'!J14="","",'予算'!J14) | K14: 5.4 | L14: =IF('予算'!L14="","",'予算'!L14) | M14: =IF('予算'!M14="","",'予算'!M14) | N14: =IF('予算'!N14="","",'予算'!N14) | O14: =IF('予算'!O14="","",'予算'!O14) | P14: =IF(OR('予実比較'!$D$6="",COUNT(D14:O14)=0),"",SUMIFS(D14:O14,$D$6:$O$6,">"&'予実比較'!$D$6))
A15: その他（外注費など） | D15: =IF('予算'!D15="","",'予算'!D15) | E15: =IF('予算'!E15="","",'予算'!E15) | F15: =IF('予算'!F15="","",'予算'!F15) | G15: =IF('予算'!G15="","",'予算'!G15) | H15: =IF('予算'!H15="","",'予算'!H15) | I15: =IF('予算'!I15="","",'予算'!I15) | J15: =IF('予算'!J15="","",'予算'!J15) | K15: 52.2 | L15: =IF('予算'!L15="","",'予算'!L15) | M15: =IF('予算'!M15="","",'予算'!M15) | N15: =IF('予算'!N15="","",'予算'!N15) | O15: =IF('予算'!O15="","",'予算'!O15) | P15: =IF(OR('予実比較'!$D$6="",COUNT(D15:O15)=0),"",SUMIFS(D15:O15,$D$6:$O$6,">"&'予実比較'!$D$6))
A16: 営業利益 | D16: =IF(COUNT(D10,D12)=0,"",SUM(D10)-SUM(D12)) | E16: =IF(COUNT(E10,E12)=0,"",SUM(E10)-SUM(E12)) | F16: =IF(COUNT(F10,F12)=0,"",SUM(F10)-SUM(F12)) | G16: =IF(COUNT(G10,G12)=0,"",SUM(G10)-SUM(G12)) | H16: =IF(COUNT(H10,H12)=0,"",SUM(H10)-SUM(H12)) | I16: =IF(COUNT(I10,I12)=0,"",SUM(I10)-SUM(I12)) | J16: =IF(COUNT(J10,J12)=0,"",SUM(J10)-SUM(J12)) | K16: =IF(COUNT(K10,K12)=0,"",SUM(K10)-SUM(K12)) | ... O16: =IF(COUNT(O10,O12)=0,"",SUM(O10)-SUM(O12)) | P16: =IF(OR('予実比較'!$D$6="",COUNT(D16:O16)=0),"",SUMIFS(D16:O16,$D$6:$O$6,">"&'予実比較'!$D$6))
A17: 営業利益率 | D17: =IF(COUNT(D8,D16)<2,"",IF(D8=0,"",D16/D8)) | E17: =IF(COUNT(E8,E16)<2,"",IF(E8=0,"",E16/E8)) | F17: =IF(COUNT(F8,F16)<2,"",IF(F8=0,"",F16/F8)) | G17: =IF(COUNT(G8,G16)<2,"",IF(G8=0,"",G16/G8)) | H17: =IF(COUNT(H8,H16)<2,"",IF(H8=0,"",H16/H8)) | I17: =IF(COUNT(I8,I16)<2,"",IF(I8=0,"",I16/I8)) | J17: =IF(COUNT(J8,J16)<2,"",IF(J8=0,"",J16/J8)) | K17: =IF(COUNT(K8,K16)<2,"",IF(K8=0,"",K16/K8)) | ... P17: =IF(COUNT(P8,P16)<2,"",IF(P8=0,"",P16/P8))
A18: 営業外損益 | D18: =IF('予算'!D18="","",'予算'!D18) | E18: =IF('予算'!E18="","",'予算'!E18) | F18: =IF('予算'!F18="","",'予算'!F18) | G18: =IF('予算'!G18="","",'予算'!G18) | H18: =IF('予算'!H18="","",'予算'!H18) | I18: =IF('予算'!I18="","",'予算'!I18) | J18: =IF('予算'!J18="","",'予算'!J18) | K18: -1 | L18: =IF('予算'!L18="","",'予算'!L18) | M18: =IF('予算'!M18="","",'予算'!M18) | N18: =IF('予算'!N18="","",'予算'!N18) | O18: =IF('予算'!O18="","",'予算'!O18) | P18: =IF(OR('予実比較'!$D$6="",COUNT(D18:O18)=0),"",SUMIFS(D18:O18,$D$6:$O$6,">"&'予実比較'!$D$6))
A19: 経常利益 | D19: =IF(COUNT(D16,D18)=0,"",SUM(D16)+SUM(D18)) | E19: =IF(COUNT(E16,E18)=0,"",SUM(E16)+SUM(E18)) | F19: =IF(COUNT(F16,F18)=0,"",SUM(F16)+SUM(F18)) | G19: =IF(COUNT(G16,G18)=0,"",SUM(G16)+SUM(G18)) | H19: =IF(COUNT(H16,H18)=0,"",SUM(H16)+SUM(H18)) | I19: =IF(COUNT(I16,I18)=0,"",SUM(I16)+SUM(I18)) | J19: =IF(COUNT(J16,J18)=0,"",SUM(J16)+SUM(J18)) | K19: =IF(COUNT(K16,K18)=0,"",SUM(K16)+SUM(K18)) | ... O19: =IF(COUNT(O16,O18)=0,"",SUM(O16)+SUM(O18)) | P19: =IF(OR('予実比較'!$D$6="",COUNT(D19:O19)=0),"",SUMIFS(D19:O19,$D$6:$O$6,">"&'予実比較'!$D$6))
A20: 色の付いた欄は、予算のシートと同じ数字が出る数式です。見通しが出た月だけ、数字で上書きします（記入例は11月。上書きした欄は白にしています）。
A21: 「残りの月」は、予実比較のシートの対象月より後の月の合計で、着地見込みに足す数字です。

Sheet 予実比較
A1: 予実管理表（予実比較） | N1: 2026年10月度
A3: 会社名 | C3: 株式会社ノースブリッジ | I3: 会計年度 | K3: 2026年度（2026年4月〜2027年3月）
A4: 単位 | C4: 百万円 | I4: 作成日 | K4: 2026年11月9日（経営会議）
A6: 対象月（月番号） | D6: 7 | E6: =IF($D$6="","",INDEX('予算'!$D$7:$O$7,$D$6)) | G6: ← 期の何か月目かを入れます（4月＝1、10月＝7、3月＝12）。変えると、当月・累計・着地見込みが変わります。
A8: 科目 | D8: =IF($D$6="","当月","当月（"&INDEX('予算'!$D$7:$O$7,$D$6)&"）") | H8: =IF($D$6="","累計","累計（"&'予算'!$D$7&"〜"&INDEX('予算'!$D$7:$O$7,$D$6)&"）") | L8: 年間 | O8: 着地見込み
D9: 予算 | E9: 実績 | F9: 差異 | G9: 予算比 | H9: 予算 | I9: 実績 | J9: 差異 | K9: 予算比 | L9: 年間予算 | M9: 進捗率 | N9: 予算 どおりの 進捗 | O9: 着地 見込み | P9: 年間予算 との差 | Q9: 着地の 予算比
A10: 売上高 | D10: =IF($D$6="","",SUMIFS('予算'!$D8:$O8,'予算'!$D$6:$O$6,$D$6)) | E10: =IF($D$6="","",SUMIFS('実績'!$D8:$O8,'実績'!$D$6:$O$6,$D$6)) | F10: =IF(COUNT(E10,D10)<2,"",E10-D10) | G10: =IF(COUNT(E10,D10)<2,"",IF(D10<=0,"",E10/D10)) | H10: =IF($D$6="","",SUMIFS('予算'!$D8:$O8,'予算'!$D$6:$O$6,"<="&$D$6)) | I10: =IF($D$6="","",SUMIFS('実績'!$D8:$O8,'実績'!$D$6:$O$6,"<="&$D$6)) | J10: =IF(COUNT(I10,H10)<2,"",I10-H10) | K10: =IF(COUNT(I10,H10)<2,"",IF(H10<=0,"",I10/H10)) | L10: =IF(COUNT('予算'!$D8:$O8)=0,"",SUM('予算'!$D8:$O8)) | M10: =IF(COUNT(I10,L10)<2,"",IF(L10<=0,"",I10/L10)) | N10: =IF(COUNT(H10,L10)<2,"",IF(L10<=0,"",H10/L10)) | O10: =IF(OR($D$6="",I10=""),"",I10+SUMIFS('見込み'!$D8:$O8,'見込み'!$D$6:$O$6,">"&$D$6)) | P10: =IF(COUNT(O10,L10)<2,"",O10-L10) | Q10: =IF(COUNT(O10,L10)<2,"",IF(L10<=0,"",O10/L10))
A11: 売上原価 | D11: =IF($D$6="","",SUMIFS('予算'!$D9:$O9,'予算'!$D$6:$O$6,$D$6)) | E11: =IF($D$6="","",SUMIFS('実績'!$D9:$O9,'実績'!$D$6:$O$6,$D$6)) | F11: =IF(COUNT(E11,D11)<2,"",E11-D11) | G11: =IF(COUNT(E11,D11)<2,"",IF(D11<=0,"",E11/D11)) | H11: =IF($D$6="","",SUMIFS('予算'!$D9:$O9,'予算'!$D$6:$O$6,"<="&$D$6)) | I11: =IF($D$6="","",SUMIFS('実績'!$D9:$O9,'実績'!$D$6:$O$6,"<="&$D$6)) | J11: =IF(COUNT(I11,H11)<2,"",I11-H11) | K11: =IF(COUNT(I11,H11)<2,"",IF(H11<=0,"",I11/H11)) | L11: =IF(COUNT('予算'!$D9:$O9)=0,"",SUM('予算'!$D9:$O9)) | M11: =IF(COUNT(I11,L11)<2,"",IF(L11<=0,"",I11/L11)) | N11: =IF(COUNT(H11,L11)<2,"",IF(L11<=0,"",H11/L11)) | O11: =IF(OR($D$6="",I11=""),"",I11+SUMIFS('見込み'!$D9:$O9,'見込み'!$D$6:$O$6,">"&$D$6)) | P11: =IF(COUNT(O11,L11)<2,"",O11-L11) | Q11: =IF(COUNT(O11,L11)<2,"",IF(L11<=0,"",O11/L11))
A12: 売上総利益 | D12: =IF($D$6="","",SUMIFS('予算'!$D10:$O10,'予算'!$D$6:$O$6,$D$6)) | E12: =IF($D$6="","",SUMIFS('実績'!$D10:$O10,'実績'!$D$6:$O$6,$D$6)) | F12: =IF(COUNT(E12,D12)<2,"",E12-D12) | G12: =IF(COUNT(E12,D12)<2,"",IF(D12<=0,"",E12/D12)) | H12: =IF($D$6="","",SUMIFS('予算'!$D10:$O10,'予算'!$D$6:$O$6,"<="&$D$6)) | I12: =IF($D$6="","",SUMIFS('実績'!$D10:$O10,'実績'!$D$6:$O$6,"<="&$D$6)) | J12: =IF(COUNT(I12,H12)<2,"",I12-H12) | K12: =IF(COUNT(I12,H12)<2,"",IF(H12<=0,"",I12/H12)) | L12: =IF(COUNT('予算'!$D10:$O10)=0,"",SUM('予算'!$D10:$O10)) | M12: =IF(COUNT(I12,L12)<2,"",IF(L12<=0,"",I12/L12)) | N12: =IF(COUNT(H12,L12)<2,"",IF(L12<=0,"",H12/L12)) | O12: =IF(OR($D$6="",I12=""),"",I12+SUMIFS('見込み'!$D10:$O10,'見込み'!$D$6:$O$6,">"&$D$6)) | P12: =IF(COUNT(O12,L12)<2,"",O12-L12) | Q12: =IF(COUNT(O12,L12)<2,"",IF(L12<=0,"",O12/L12))
A13: 粗利率 | D13: =IF(COUNT(D10,D12)<2,"",IF(D10=0,"",D12/D10)) | E13: =IF(COUNT(E10,E12)<2,"",IF(E10=0,"",E12/E10)) | F13: =IF(COUNT(E13,D13)<2,"",ROUND(E13*100,1)-ROUND(D13*100,1)) | H13: =IF(COUNT(H10,H12)<2,"",IF(H10=0,"",H12/H10)) | I13: =IF(COUNT(I10,I12)<2,"",IF(I10=0,"",I12/I10)) | J13: =IF(COUNT(I13,H13)<2,"",ROUND(I13*100,1)-ROUND(H13*100,1)) | L13: =IF(COUNT(L10,L12)<2,"",IF(L10=0,"",L12/L10)) | O13: =IF(COUNT(O10,O12)<2,"",IF(O10=0,"",O12/O10)) | P13: =IF(COUNT(O13,L13)<2,"",ROUND(O13*100,1)-ROUND(L13*100,1))
A14: 販売費及び一般管理費 | D14: =IF($D$6="","",SUMIFS('予算'!$D12:$O12,'予算'!$D$6:$O$6,$D$6)) | E14: =IF($D$6="","",SUMIFS('実績'!$D12:$O12,'実績'!$D$6:$O$6,$D$6)) | F14: =IF(COUNT(E14,D14)<2,"",E14-D14) | G14: =IF(COUNT(E14,D14)<2,"",IF(D14<=0,"",E14/D14)) | H14: =IF($D$6="","",SUMIFS('予算'!$D12:$O12,'予算'!$D$6:$O$6,"<="&$D$6)) | I14: =IF($D$6="","",SUMIFS('実績'!$D12:$O12,'実績'!$D$6:$O$6,"<="&$D$6)) | J14: =IF(COUNT(I14,H14)<2,"",I14-H14) | K14: =IF(COUNT(I14,H14)<2,"",IF(H14<=0,"",I14/H14)) | L14: =IF(COUNT('予算'!$D12:$O12)=0,"",SUM('予算'!$D12:$O12)) | M14: =IF(COUNT(I14,L14)<2,"",IF(L14<=0,"",I14/L14)) | N14: =IF(COUNT(H14,L14)<2,"",IF(L14<=0,"",H14/L14)) | O14: =IF(OR($D$6="",I14=""),"",I14+SUMIFS('見込み'!$D12:$O12,'見込み'!$D$6:$O$6,">"&$D$6)) | P14: =IF(COUNT(O14,L14)<2,"",O14-L14) | Q14: =IF(COUNT(O14,L14)<2,"",IF(L14<=0,"",O14/L14))
A15: 人件費 | D15: =IF($D$6="","",SUMIFS('予算'!$D13:$O13,'予算'!$D$6:$O$6,$D$6)) | E15: =IF($D$6="","",SUMIFS('実績'!$D13:$O13,'実績'!$D$6:$O$6,$D$6)) | F15: =IF(COUNT(E15,D15)<2,"",E15-D15) | G15: =IF(COUNT(E15,D15)<2,"",IF(D15<=0,"",E15/D15)) | H15: =IF($D$6="","",SUMIFS('予算'!$D13:$O13,'予算'!$D$6:$O$6,"<="&$D$6)) | I15: =IF($D$6="","",SUMIFS('実績'!$D13:$O13,'実績'!$D$6:$O$6,"<="&$D$6)) | J15: =IF(COUNT(I15,H15)<2,"",I15-H15) | K15: =IF(COUNT(I15,H15)<2,"",IF(H15<=0,"",I15/H15)) | L15: =IF(COUNT('予算'!$D13:$O13)=0,"",SUM('予算'!$D13:$O13)) | M15: =IF(COUNT(I15,L15)<2,"",IF(L15<=0,"",I15/L15)) | N15: =IF(COUNT(H15,L15)<2,"",IF(L15<=0,"",H15/L15)) | O15: =IF(OR($D$6="",I15=""),"",I15+SUMIFS('見込み'!$D13:$O13,'見込み'!$D$6:$O$6,">"&$D$6)) | P15: =IF(COUNT(O15,L15)<2,"",O15-L15) | Q15: =IF(COUNT(O15,L15)<2,"",IF(L15<=0,"",O15/L15))
A16: 広告宣伝費 | D16: =IF($D$6="","",SUMIFS('予算'!$D14:$O14,'予算'!$D$6:$O$6,$D$6)) | E16: =IF($D$6="","",SUMIFS('実績'!$D14:$O14,'実績'!$D$6:$O$6,$D$6)) | F16: =IF(COUNT(E16,D16)<2,"",E16-D16) | G16: =IF(COUNT(E16,D16)<2,"",IF(D16<=0,"",E16/D16)) | H16: =IF($D$6="","",SUMIFS('予算'!$D14:$O14,'予算'!$D$6:$O$6,"<="&$D$6)) | I16: =IF($D$6="","",SUMIFS('実績'!$D14:$O14,'実績'!$D$6:$O$6,"<="&$D$6)) | J16: =IF(COUNT(I16,H16)<2,"",I16-H16) | K16: =IF(COUNT(I16,H16)<2,"",IF(H16<=0,"",I16/H16)) | L16: =IF(COUNT('予算'!$D14:$O14)=0,"",SUM('予算'!$D14:$O14)) | M16: =IF(COUNT(I16,L16)<2,"",IF(L16<=0,"",I16/L16)) | N16: =IF(COUNT(H16,L16)<2,"",IF(L16<=0,"",H16/L16)) | O16: =IF(OR($D$6="",I16=""),"",I16+SUMIFS('見込み'!$D14:$O14,'見込み'!$D$6:$O$6,">"&$D$6)) | P16: =IF(COUNT(O16,L16)<2,"",O16-L16) | Q16: =IF(COUNT(O16,L16)<2,"",IF(L16<=0,"",O16/L16))
A17: その他（外注費など） | D17: =IF($D$6="","",SUMIFS('予算'!$D15:$O15,'予算'!$D$6:$O$6,$D$6)) | E17: =IF($D$6="","",SUMIFS('実績'!$D15:$O15,'実績'!$D$6:$O$6,$D$6)) | F17: =IF(COUNT(E17,D17)<2,"",E17-D17) | G17: =IF(COUNT(E17,D17)<2,"",IF(D17<=0,"",E17/D17)) | H17: =IF($D$6="","",SUMIFS('予算'!$D15:$O15,'予算'!$D$6:$O$6,"<="&$D$6)) | I17: =IF($D$6="","",SUMIFS('実績'!$D15:$O15,'実績'!$D$6:$O$6,"<="&$D$6)) | J17: =IF(COUNT(I17,H17)<2,"",I17-H17) | K17: =IF(COUNT(I17,H17)<2,"",IF(H17<=0,"",I17/H17)) | L17: =IF(COUNT('予算'!$D15:$O15)=0,"",SUM('予算'!$D15:$O15)) | M17: =IF(COUNT(I17,L17)<2,"",IF(L17<=0,"",I17/L17)) | N17: =IF(COUNT(H17,L17)<2,"",IF(L17<=0,"",H17/L17)) | O17: =IF(OR($D$6="",I17=""),"",I17+SUMIFS('見込み'!$D15:$O15,'見込み'!$D$6:$O$6,">"&$D$6)) | P17: =IF(COUNT(O17,L17)<2,"",O17-L17) | Q17: =IF(COUNT(O17,L17)<2,"",IF(L17<=0,"",O17/L17))
A18: 営業利益 | D18: =IF($D$6="","",SUMIFS('予算'!$D16:$O16,'予算'!$D$6:$O$6,$D$6)) | E18: =IF($D$6="","",SUMIFS('実績'!$D16:$O16,'実績'!$D$6:$O$6,$D$6)) | F18: =IF(COUNT(E18,D18)<2,"",E18-D18) | G18: =IF(COUNT(E18,D18)<2,"",IF(D18<=0,"",E18/D18)) | H18: =IF($D$6="","",SUMIFS('予算'!$D16:$O16,'予算'!$D$6:$O$6,"<="&$D$6)) | I18: =IF($D$6="","",SUMIFS('実績'!$D16:$O16,'実績'!$D$6:$O$6,"<="&$D$6)) | J18: =IF(COUNT(I18,H18)<2,"",I18-H18) | K18: =IF(COUNT(I18,H18)<2,"",IF(H18<=0,"",I18/H18)) | L18: =IF(COUNT('予算'!$D16:$O16)=0,"",SUM('予算'!$D16:$O16)) | M18: =IF(COUNT(I18,L18)<2,"",IF(L18<=0,"",I18/L18)) | N18: =IF(COUNT(H18,L18)<2,"",IF(L18<=0,"",H18/L18)) | O18: =IF(OR($D$6="",I18=""),"",I18+SUMIFS('見込み'!$D16:$O16,'見込み'!$D$6:$O$6,">"&$D$6)) | P18: =IF(COUNT(O18,L18)<2,"",O18-L18) | Q18: =IF(COUNT(O18,L18)<2,"",IF(L18<=0,"",O18/L18))
A19: 営業利益率 | D19: =IF(COUNT(D10,D18)<2,"",IF(D10=0,"",D18/D10)) | E19: =IF(COUNT(E10,E18)<2,"",IF(E10=0,"",E18/E10)) | F19: =IF(COUNT(E19,D19)<2,"",ROUND(E19*100,1)-ROUND(D19*100,1)) | H19: =IF(COUNT(H10,H18)<2,"",IF(H10=0,"",H18/H10)) | I19: =IF(COUNT(I10,I18)<2,"",IF(I10=0,"",I18/I10)) | J19: =IF(COUNT(I19,H19)<2,"",ROUND(I19*100,1)-ROUND(H19*100,1)) | L19: =IF(COUNT(L10,L18)<2,"",IF(L10=0,"",L18/L10)) | O19: =IF(COUNT(O10,O18)<2,"",IF(O10=0,"",O18/O10)) | P19: =IF(COUNT(O19,L19)<2,"",ROUND(O19*100,1)-ROUND(L19*100,1))
A20: 営業外損益 | D20: =IF($D$6="","",SUMIFS('予算'!$D18:$O18,'予算'!$D$6:$O$6,$D$6)) | E20: =IF($D$6="","",SUMIFS('実績'!$D18:$O18,'実績'!$D$6:$O$6,$D$6)) | F20: =IF(COUNT(E20,D20)<2,"",E20-D20) | G20: — | H20: =IF($D$6="","",SUMIFS('予算'!$D18:$O18,'予算'!$D$6:$O$6,"<="&$D$6)) | I20: =IF($D$6="","",SUMIFS('実績'!$D18:$O18,'実績'!$D$6:$O$6,"<="&$D$6)) | J20: =IF(COUNT(I20,H20)<2,"",I20-H20) | K20: — | L20: =IF(COUNT('予算'!$D18:$O18)=0,"",SUM('予算'!$D18:$O18)) | M20: — | N20: — | O20: =IF(OR($D$6="",I20=""),"",I20+SUMIFS('見込み'!$D18:$O18,'見込み'!$D$6:$O$6,">"&$D$6)) | P20: =IF(COUNT(O20,L20)<2,"",O20-L20) | Q20: —
A21: 経常利益 | D21: =IF($D$6="","",SUMIFS('予算'!$D19:$O19,'予算'!$D$6:$O$6,$D$6)) | E21: =IF($D$6="","",SUMIFS('実績'!$D19:$O19,'実績'!$D$6:$O$6,$D$6)) | F21: =IF(COUNT(E21,D21)<2,"",E21-D21) | G21: =IF(COUNT(E21,D21)<2,"",IF(D21<=0,"",E21/D21)) | H21: =IF($D$6="","",SUMIFS('予算'!$D19:$O19,'予算'!$D$6:$O$6,"<="&$D$6)) | I21: =IF($D$6="","",SUMIFS('実績'!$D19:$O19,'実績'!$D$6:$O$6,"<="&$D$6)) | J21: =IF(COUNT(I21,H21)<2,"",I21-H21) | K21: =IF(COUNT(I21,H21)<2,"",IF(H21<=0,"",I21/H21)) | L21: =IF(COUNT('予算'!$D19:$O19)=0,"",SUM('予算'!$D19:$O19)) | M21: =IF(COUNT(I21,L21)<2,"",IF(L21<=0,"",I21/L21)) | N21: =IF(COUNT(H21,L21)<2,"",IF(L21<=0,"",H21/L21)) | O21: =IF(OR($D$6="",I21=""),"",I21+SUMIFS('見込み'!$D19:$O19,'見込み'!$D$6:$O$6,">"&$D$6)) | P21: =IF(COUNT(O21,L21)<2,"",O21-L21) | Q21: =IF(COUNT(O21,L21)<2,"",IF(L21<=0,"",O21/L21))
A22: 差異＝実績−予算（費用の行は＋が予算より多い）。予算比＝実績÷予算。進捗率＝累計実績÷年間予算。予算どおりの進捗＝累計予算÷年間予算。率の行の差はpt（ポイント）。
A23: 着地見込み＝累計実績＋見込みのシートの「対象月より後の月」の合計。年間予算との差＝着地見込み−年間予算。色の付いた欄は数式で計算します（入れるのは対象月だけ）。
A25: 差異の理由・着地見込みのコメント
A26: ・売上高は10月の単月で予算比103.7%、累計で101.3%。11月を部門の見通し（418.0）に置き換えた着地見込みは4,847.1で、年間予算を47.1上回る見込みです。 ・営業利益は10月の単月で予算を1.4上回りましたが、累計は予算まであと2.6です。人件費（累計で9.7の超過）と広告宣伝費（3.9の超過）が主な理由です。 ・11月を見通し（営業利益45.5）に置き換えても、着地見込みは478.9で、年間予算にあと1.1届きません。下期の販管費の配分を見直します（経営企画・11/16）。 ・広告宣伝費の11月の見込みは、展示会の費用1.6を10月に払ったため、予算の7.0から1.6減らしています。

Sheet 月別の予実
A1: 予実管理表（月別の予実） | N1: 2026年度
A3: 会社名 | C3: 株式会社ノースブリッジ | I3: 単位 | K3: 百万円
A5: 科目 | F5: ='予算'!D7 | G5: ='予算'!E7 | H5: ='予算'!F7 | I5: ='予算'!G7 | J5: ='予算'!H7 | K5: ='予算'!I7 | L5: ='予算'!J7 | M5: ='予算'!K7 | ... Q5: ='予算'!O7
A6: 売上高 | D6: 予算 | F6: =IF('予算'!D8="","",'予算'!D8) | G6: =IF('予算'!E8="","",'予算'!E8) | H6: =IF('予算'!F8="","",'予算'!F8) | I6: =IF('予算'!G8="","",'予算'!G8) | J6: =IF('予算'!H8="","",'予算'!H8) | K6: =IF('予算'!I8="","",'予算'!I8) | L6: =IF('予算'!J8="","",'予算'!J8) | M6: =IF('予算'!K8="","",'予算'!K8) | ... Q6: =IF('予算'!O8="","",'予算'!O8)
D7: 実績 | F7: =IF('実績'!D8="","",'実績'!D8) | G7: =IF('実績'!E8="","",'実績'!E8) | H7: =IF('実績'!F8="","",'実績'!F8) | I7: =IF('実績'!G8="","",'実績'!G8) | J7: =IF('実績'!H8="","",'実績'!H8) | K7: =IF('実績'!I8="","",'実績'!I8) | L7: =IF('実績'!J8="","",'実績'!J8) | M7: =IF('実績'!K8="","",'実績'!K8) | ... Q7: =IF('実績'!O8="","",'実績'!O8)
D8: 差異 | F8: =IF(COUNT(F7,F6)<2,"",F7-F6) | G8: =IF(COUNT(G7,G6)<2,"",G7-G6) | H8: =IF(COUNT(H7,H6)<2,"",H7-H6) | I8: =IF(COUNT(I7,I6)<2,"",I7-I6) | J8: =IF(COUNT(J7,J6)<2,"",J7-J6) | K8: =IF(COUNT(K7,K6)<2,"",K7-K6) | L8: =IF(COUNT(L7,L6)<2,"",L7-L6) | M8: =IF(COUNT(M7,M6)<2,"",M7-M6) | ... Q8: =IF(COUNT(Q7,Q6)<2,"",Q7-Q6)
D9: 予算比 | F9: =IF(COUNT(F7,F6)<2,"",IF(F6<=0,"",F7/F6)) | G9: =IF(COUNT(G7,G6)<2,"",IF(G6<=0,"",G7/G6)) | H9: =IF(COUNT(H7,H6)<2,"",IF(H6<=0,"",H7/H6)) | I9: =IF(COUNT(I7,I6)<2,"",IF(I6<=0,"",I7/I6)) | J9: =IF(COUNT(J7,J6)<2,"",IF(J6<=0,"",J7/J6)) | K9: =IF(COUNT(K7,K6)<2,"",IF(K6<=0,"",K7/K6)) | L9: =IF(COUNT(L7,L6)<2,"",IF(L6<=0,"",L7/L6)) | M9: =IF(COUNT(M7,M6)<2,"",IF(M6<=0,"",M7/M6)) | ... Q9: =IF(COUNT(Q7,Q6)<2,"",IF(Q6<=0,"",Q7/Q6))
A10: 売上総利益 | D10: 予算 | F10: =IF('予算'!D10="","",'予算'!D10) | G10: =IF('予算'!E10="","",'予算'!E10) | H10: =IF('予算'!F10="","",'予算'!F10) | I10: =IF('予算'!G10="","",'予算'!G10) | J10: =IF('予算'!H10="","",'予算'!H10) | K10: =IF('予算'!I10="","",'予算'!I10) | L10: =IF('予算'!J10="","",'予算'!J10) | M10: =IF('予算'!K10="","",'予算'!K10) | ... Q10: =IF('予算'!O10="","",'予算'!O10)
D11: 実績 | F11: =IF('実績'!D10="","",'実績'!D10) | G11: =IF('実績'!E10="","",'実績'!E10) | H11: =IF('実績'!F10="","",'実績'!F10) | I11: =IF('実績'!G10="","",'実績'!G10) | J11: =IF('実績'!H10="","",'実績'!H10) | K11: =IF('実績'!I10="","",'実績'!I10) | L11: =IF('実績'!J10="","",'実績'!J10) | M11: =IF('実績'!K10="","",'実績'!K10) | ... Q11: =IF('実績'!O10="","",'実績'!O10)
D12: 差異 | F12: =IF(COUNT(F11,F10)<2,"",F11-F10) | G12: =IF(COUNT(G11,G10)<2,"",G11-G10) | H12: =IF(COUNT(H11,H10)<2,"",H11-H10) | I12: =IF(COUNT(I11,I10)<2,"",I11-I10) | J12: =IF(COUNT(J11,J10)<2,"",J11-J10) | K12: =IF(COUNT(K11,K10)<2,"",K11-K10) | L12: =IF(COUNT(L11,L10)<2,"",L11-L10) | M12: =IF(COUNT(M11,M10)<2,"",M11-M10) | ... Q12: =IF(COUNT(Q11,Q10)<2,"",Q11-Q10)
D13: 予算比 | F13: =IF(COUNT(F11,F10)<2,"",IF(F10<=0,"",F11/F10)) | G13: =IF(COUNT(G11,G10)<2,"",IF(G10<=0,"",G11/G10)) | H13: =IF(COUNT(H11,H10)<2,"",IF(H10<=0,"",H11/H10)) | I13: =IF(COUNT(I11,I10)<2,"",IF(I10<=0,"",I11/I10)) | J13: =IF(COUNT(J11,J10)<2,"",IF(J10<=0,"",J11/J10)) | K13: =IF(COUNT(K11,K10)<2,"",IF(K10<=0,"",K11/K10)) | L13: =IF(COUNT(L11,L10)<2,"",IF(L10<=0,"",L11/L10)) | M13: =IF(COUNT(M11,M10)<2,"",IF(M10<=0,"",M11/M10)) | ... Q13: =IF(COUNT(Q11,Q10)<2,"",IF(Q10<=0,"",Q11/Q10))
A14: 販売費及び一般管理費 | D14: 予算 | F14: =IF('予算'!D12="","",'予算'!D12) | G14: =IF('予算'!E12="","",'予算'!E12) | H14: =IF('予算'!F12="","",'予算'!F12) | I14: =IF('予算'!G12="","",'予算'!G12) | J14: =IF('予算'!H12="","",'予算'!H12) | K14: =IF('予算'!I12="","",'予算'!I12) | L14: =IF('予算'!J12="","",'予算'!J12) | M14: =IF('予算'!K12="","",'予算'!K12) | ... Q14: =IF('予算'!O12="","",'予算'!O12)
D15: 実績 | F15: =IF('実績'!D12="","",'実績'!D12) | G15: =IF('実績'!E12="","",'実績'!E12) | H15: =IF('実績'!F12="","",'実績'!F12) | I15: =IF('実績'!G12="","",'実績'!G12) | J15: =IF('実績'!H12="","",'実績'!H12) | K15: =IF('実績'!I12="","",'実績'!I12) | L15: =IF('実績'!J12="","",'実績'!J12) | M15: =IF('実績'!K12="","",'実績'!K12) | ... Q15: =IF('実績'!O12="","",'実績'!O12)
D16: 差異 | F16: =IF(COUNT(F15,F14)<2,"",F15-F14) | G16: =IF(COUNT(G15,G14)<2,"",G15-G14) | H16: =IF(COUNT(H15,H14)<2,"",H15-H14) | I16: =IF(COUNT(I15,I14)<2,"",I15-I14) | J16: =IF(COUNT(J15,J14)<2,"",J15-J14) | K16: =IF(COUNT(K15,K14)<2,"",K15-K14) | L16: =IF(COUNT(L15,L14)<2,"",L15-L14) | M16: =IF(COUNT(M15,M14)<2,"",M15-M14) | ... Q16: =IF(COUNT(Q15,Q14)<2,"",Q15-Q14)
D17: 予算比 | F17: =IF(COUNT(F15,F14)<2,"",IF(F14<=0,"",F15/F14)) | G17: =IF(COUNT(G15,G14)<2,"",IF(G14<=0,"",G15/G14)) | H17: =IF(COUNT(H15,H14)<2,"",IF(H14<=0,"",H15/H14)) | I17: =IF(COUNT(I15,I14)<2,"",IF(I14<=0,"",I15/I14)) | J17: =IF(COUNT(J15,J14)<2,"",IF(J14<=0,"",J15/J14)) | K17: =IF(COUNT(K15,K14)<2,"",IF(K14<=0,"",K15/K14)) | L17: =IF(COUNT(L15,L14)<2,"",IF(L14<=0,"",L15/L14)) | M17: =IF(COUNT(M15,M14)<2,"",IF(M14<=0,"",M15/M14)) | ... Q17: =IF(COUNT(Q15,Q14)<2,"",IF(Q14<=0,"",Q15/Q14))
A18: 営業利益 | D18: 予算 | F18: =IF('予算'!D16="","",'予算'!D16) | G18: =IF('予算'!E16="","",'予算'!E16) | H18: =IF('予算'!F16="","",'予算'!F16) | I18: =IF('予算'!G16="","",'予算'!G16) | J18: =IF('予算'!H16="","",'予算'!H16) | K18: =IF('予算'!I16="","",'予算'!I16) | L18: =IF('予算'!J16="","",'予算'!J16) | M18: =IF('予算'!K16="","",'予算'!K16) | ... Q18: =IF('予算'!O16="","",'予算'!O16)
D19: 実績 | F19: =IF('実績'!D16="","",'実績'!D16) | G19: =IF('実績'!E16="","",'実績'!E16) | H19: =IF('実績'!F16="","",'実績'!F16) | I19: =IF('実績'!G16="","",'実績'!G16) | J19: =IF('実績'!H16="","",'実績'!H16) | K19: =IF('実績'!I16="","",'実績'!I16) | L19: =IF('実績'!J16="","",'実績'!J16) | M19: =IF('実績'!K16="","",'実績'!K16) | ... Q19: =IF('実績'!O16="","",'実績'!O16)
D20: 差異 | F20: =IF(COUNT(F19,F18)<2,"",F19-F18) | G20: =IF(COUNT(G19,G18)<2,"",G19-G18) | H20: =IF(COUNT(H19,H18)<2,"",H19-H18) | I20: =IF(COUNT(I19,I18)<2,"",I19-I18) | J20: =IF(COUNT(J19,J18)<2,"",J19-J18) | K20: =IF(COUNT(K19,K18)<2,"",K19-K18) | L20: =IF(COUNT(L19,L18)<2,"",L19-L18) | M20: =IF(COUNT(M19,M18)<2,"",M19-M18) | ... Q20: =IF(COUNT(Q19,Q18)<2,"",Q19-Q18)
D21: 予算比 | F21: =IF(COUNT(F19,F18)<2,"",IF(F18<=0,"",F19/F18)) | G21: =IF(COUNT(G19,G18)<2,"",IF(G18<=0,"",G19/G18)) | H21: =IF(COUNT(H19,H18)<2,"",IF(H18<=0,"",H19/H18)) | I21: =IF(COUNT(I19,I18)<2,"",IF(I18<=0,"",I19/I18)) | J21: =IF(COUNT(J19,J18)<2,"",IF(J18<=0,"",J19/J18)) | K21: =IF(COUNT(K19,K18)<2,"",IF(K18<=0,"",K19/K18)) | L21: =IF(COUNT(L19,L18)<2,"",IF(L18<=0,"",L19/L18)) | M21: =IF(COUNT(M19,M18)<2,"",IF(M18<=0,"",M19/M18)) | ... Q21: =IF(COUNT(Q19,Q18)<2,"",IF(Q18<=0,"",Q19/Q18))
A22: 経常利益 | D22: 予算 | F22: =IF('予算'!D19="","",'予算'!D19) | G22: =IF('予算'!E19="","",'予算'!E19) | H22: =IF('予算'!F19="","",'予算'!F19) | I22: =IF('予算'!G19="","",'予算'!G19) | J22: =IF('予算'!H19="","",'予算'!H19) | K22: =IF('予算'!I19="","",'予算'!I19) | L22: =IF('予算'!J19="","",'予算'!J19) | M22: =IF('予算'!K19="","",'予算'!K19) | ... Q22: =IF('予算'!O19="","",'予算'!O19)
D23: 実績 | F23: =IF('実績'!D19="","",'実績'!D19) | G23: =IF('実績'!E19="","",'実績'!E19) | H23: =IF('実績'!F19="","",'実績'!F19) | I23: =IF('実績'!G19="","",'実績'!G19) | J23: =IF('実績'!H19="","",'実績'!H19) | K23: =IF('実績'!I19="","",'実績'!I19) | L23: =IF('実績'!J19="","",'実績'!J19) | M23: =IF('実績'!K19="","",'実績'!K19) | ... Q23: =IF('実績'!O19="","",'実績'!O19)
D24: 差異 | F24: =IF(COUNT(F23,F22)<2,"",F23-F22) | G24: =IF(COUNT(G23,G22)<2,"",G23-G22) | H24: =IF(COUNT(H23,H22)<2,"",H23-H22) | I24: =IF(COUNT(I23,I22)<2,"",I23-I22) | J24: =IF(COUNT(J23,J22)<2,"",J23-J22) | K24: =IF(COUNT(K23,K22)<2,"",K23-K22) | L24: =IF(COUNT(L23,L22)<2,"",L23-L22) | M24: =IF(COUNT(M23,M22)<2,"",M23-M22) | ... Q24: =IF(COUNT(Q23,Q22)<2,"",Q23-Q22)
D25: 予算比 | F25: =IF(COUNT(F23,F22)<2,"",IF(F22<=0,"",F23/F22)) | G25: =IF(COUNT(G23,G22)<2,"",IF(G22<=0,"",G23/G22)) | H25: =IF(COUNT(H23,H22)<2,"",IF(H22<=0,"",H23/H22)) | I25: =IF(COUNT(I23,I22)<2,"",IF(I22<=0,"",I23/I22)) | J25: =IF(COUNT(J23,J22)<2,"",IF(J22<=0,"",J23/J22)) | K25: =IF(COUNT(K23,K22)<2,"",IF(K22<=0,"",K23/K22)) | L25: =IF(COUNT(L23,L22)<2,"",IF(L22<=0,"",L23/L22)) | M25: =IF(COUNT(M23,M22)<2,"",IF(M22<=0,"",M23/M22)) | ... Q25: =IF(COUNT(Q23,Q22)<2,"",IF(Q22<=0,"",Q23/Q22))
A26: 予算と実績は、予算・実績のシートの数字が出ます（このシートには入力しません）。差異＝実績−予算（費用の行は＋が予算より多い）。予算比＝実績÷予算。
A27: 実績の入っていない月は、差異と予算比が空欄になります。色の付いた欄は数式で計算します。
